 Dungeon Crawl Stone Soup version 0.18-a0-1211-g828307d (webtiles) character file.

4 4thArraOfDagon the Gusty (level 1, 0/14 HPs)
             Began as a Centaur Air Elementalist on Feb 2, 2016.
             Slain by a goblin
             ... wielding a +0 club
              (3 damage)
             ... on level 2 of the Dungeon.
             The game lasted 00:01:23 (150 turns).

4thArraOfDagon the Gusty (Centaur Air Elementalist)  Turns: 150, Time: 00:01:23

Health: 0/14       AC:  8    Str: 12    XL:     1   Next: 50%
Magic:  0/3        EV:  9    Int: 14    God:
Gold:   38         SH:  0    Dex:  9    Spells: 1 memorised, 2 levels left

rFire  . . .     SeeInvis .     (no weapon)
rCold  . . .     Gourm    .     a - +0 robe
rNeg   . . .     Faith    .     (no shield)
rPois  +         Spirit   .     (no helmet)
rElec  .         Dismiss  .     (no cloak)
rCorr  .         Reflect  .     (no gloves)
SustAt .         Harm     .     (no barding)
MR     .....                    (no amulet)
Stlth  +.........               (no ring)
                                (no ring)

@: very slightly contaminated, very quick, not resistant to hostile
enchantments, very unstealthy
A: hooves 3, iridescent scales 1, deformed body, speed 2, poison resistance,
strong 1, tough skin 3
a: no special abilities


You were on level 2 of the Dungeon.
You were not hungry.

You visited 1 branch of the dungeon, and saw 2 of its levels.

You collected 38 gold pieces.

Inventory:

Armour
 a - a +0 robe (worn)
Scrolls
 d - 2 scrolls of identify {unknown}
 e - a scroll of teleportation {unknown}
 g - a scroll of remove curse {unknown}
Books
 b - a book of Air

   Spells                             Type                      Level
   a - Shock                          Conjuration/Air              1
   b - Swiftness                      Charms/Air                   2
   c - Repel Missiles                 Charms/Air                   2
   d - Static Discharge               Conjuration/Air              3
   e - Lightning Bolt                 Conjuration/Air              5
Comestibles
 c - a bread ration


   Skills:
 - Level 1.3 Dodging
 - Level 1.2 Stealth
 + Level 1.6 Spellcasting
 * Level 1.1 Conjurations
 * Level 2.8 Air Magic


You had 2 spell levels left.
You knew the following spells:

 Your Spells              Type           Power        Failure   Level  Hunger
a - Shock                 Conj/Air       #...         14%         1    ##.....


Dungeon Overview and Level Annotations

Branches:
Dungeon (2/15)

Altars:

Annotations:
D:2 Terence


Innate Abilities, Weirdness & Mutations

You have hooves in place of feet.
Armour fits poorly on your strangely shaped body.
You cover ground very quickly.
You have extremely tough skin (AC +3).
You are partially covered in iridescent scales (AC +4).
Your system is resistant to poisons.
Your muscles are strong. (Str +2)


Message History

You hit the goblin but do no damage.
The goblin is severely wounded.
The goblin barely misses you. The rat bites you but does no damage.
Unknown command.
You closely miss the goblin. Your kick misses the goblin.
The goblin is severely wounded.
The goblin closely misses you. The rat bites you but does no damage.
Unknown command.
You miss the goblin.
The goblin is severely wounded.
The goblin hits you with a club.
* * * LOW HITPOINT WARNING * * *
The rat barely misses you.
Unknown command.
Unknown command.
Unknown command.
You barely miss the goblin.
The goblin is severely wounded.
The goblin hits you with a club.
You die...

#. #. #. #. #.# #.
# #.# #.
#####.########.#
#g##...............
#.@rl.....# #S#.#.#
####K#.##.# #.#.#.#
#.# #.#.#.# #S#
##.###.#)#.# #S#
........<..# #K#
#####..##@##
#####l#.# #.. #.#
#.......### #.. #l#
#........%....@ #S#


You could see a giant gecko, a goblin, a kobold and a rat.

Vanquished Creatures
  A goblin (D:2)
  2 bats (D:2)
  A kobold (D:2)
  A rat (D:1)
5 creatures vanquished.

Notes
Turn   | Place    | Note
--------------------------------------------------------------
     0 | D:1      | 4thArraOfDagon the Centaur Air Elementalist began the quest for the Orb.
     0 | D:1      | Reached XP level 1. HP: 14/14 MP: 3/3
    18 | D:2      | Reached skill level 1 in Conjurations
    69 | D:2      | Noticed Terence
   144 | D:2      | Gained mutation: Your system is resistant to poisons. [potion of mutation]
   144 | D:2      | Gained mutation: Your muscles are strong. (Str +2) [potion of mutation]
   144 | D:2      | Gained mutation: You are partially covered in iridescent scales (AC +4). [potion of mutation]
   150 | D:2      | Slain by a goblin

Vault maps used:
D:1:      minmay_arrival_jagged
D:2:      nicolae_overflow_hidden_temple, gammafunk_temple_overflow_wave,
          uniq_terence

Action                   || total
-------------------------++-------
Melee: Unarmed           ||    18
 Cast: Shock             ||     4
  Use: Potion            ||     1
